Workbook

Sheet Bear case (weak)
A1: Bear case (weak) | C1: In $
A3: Normalized annual revenue: | D3: 21520000000
A4: Operating margin: | D4: 0.3
A5: Depreciation & amortisation - maintenance capex | D5: 634000000
A6: Non-controlling interests | D6: 0 | F6: Growth rate: | H6: Discount rate:
A7: effective tax rate: | D7: 0.2 | F7: 2025-2031 | G7: 0.025 | H7: 0.15
A8: Normalized annual net income: | D8: =(D3*D4+D5)*(1-D6)*(1-D7) -> 5672000000 | F8: 2032-2034 | G8: 0.025
F9: terminal | G9: 0.015
A10: Total DCF value
A11: {=NPV(H7,E13:E23)} -> 42465652405
D12: Market cap: | E12: =-147830000000*(1-'Final valuation'!H11) -> -147830000000
C13: Expected cashflows: | D13: 2025 | E13: =D8 -> 5672000000
D14: 2026 | E14: =E13*(1+$G$7) -> 5813800000
A15: Annual rate of return: | D15: 2027 | E15: =E14*(1+$G$7) -> 5959145000
A16: =IRR(E12:E23, 0.2) -> -0.02805964 | D16: 2028 | E16: =E15*(1+$G$7) -> 6108123625
D17: 2029 | E17: =E16*(1+$G$7) -> 6260826716
D18: 2030 | E18: =E17*(1+$G$7) -> 6417347384
D19: 2031 | E19: =E18*(1+$G$7) -> 6577781068
D20: 2032 | E20: =E19*(1+$G$8) -> 6742225595
D21: 2033 | E21: =E20*(1+$G$8) -> 6910781235
D22: 2034 | E22: =E21*(1+$G$8) -> 7083550766
D23: terminal value: | E23: =(E22*(1+G9))/(H7-G9) -> 53257807608

Sheet Bear case (strong)
A1: Bear case (strong) | C1: In $
A3: Normalized annual revenue: | D3: 21520000000
A4: Operating margin: | D4: 0.32
A5: Depreciation & amortisation - maintenance capex | D5: 634000000
A6: Non-controlling interests | D6: 0 | F6: Growth rate: | H6: Discount rate:
A7: effective tax rate: | D7: 0.2 | F7: 2025-2031 | G7: 0.05 | H7: 0.15
A8: Normalized annual net income: | D8: =(D3*D4+D5)*(1-D6)*(1-D7) -> 6016320000 | F8: 2032-2034 | G8: 0.05
F9: terminal | G9: 0.02
A10: Total DCF value
A11: {=NPV(H7,E13:E23)} -> 51679598481
D12: Market cap: | E12: =-147830000000*(1-'Final valuation'!H11) -> -147830000000
C13: Expected cashflows: | D13: 2025 | E13: =D8 -> 6016320000
D14: 2026 | E14: =E13*(1+$G$7) -> 6317136000
A15: Annual rate of return: | D15: 2027 | E15: =E14*(1+$G$7) -> 6632992800
A16: =IRR(E12:E23, 0.2) -> 0.00086094704 | D16: 2028 | E16: =E15*(1+$G$7) -> 6964642440
D17: 2029 | E17: =E16*(1+$G$7) -> 7312874562
D18: 2030 | E18: =E17*(1+$G$7) -> 7678518290
D19: 2031 | E19: =E18*(1+$G$7) -> 8062444205
D20: 2032 | E20: =E19*(1+$G$8) -> 8465566415
D21: 2033 | E21: =E20*(1+$G$8) -> 8888844736
D22: 2034 | E22: =E21*(1+$G$8) -> 9333286972
D23: terminal value: | E23: =(E22*(1+G9))/(H7-G9) -> 73230405475

Sheet Base case (weak)
A1: Base case (weak) | C1: In $
A3: Normalized annual revenue: | D3: 21520000000
A4: Operating margin: | D4: 0.34
A5: Depreciation & amortisation - maintenance capex | D5: 634000000
A6: Non-controlling interests | D6: 0 | F6: Growth rate: | H6: Discount rate:
A7: effective tax rate: | D7: 0.2 | F7: 2025-2031 | G7: 0.09 | H7: 0.15
A8: Normalized annual net income: | D8: =(D3*D4+D5)*(1-D6)*(1-D7) -> 6360640000 | F8: 2032-2034 | G8: 0.09
F9: terminal | G9: 0.025
A10: Total DCF value
A11: {=NPV(H7,E13:E23)} -> 68324522002
D12: Market cap: | E12: =-147830000000*(1-'Final valuation'!H11) -> -147830000000
C13: Expected cashflows: | D13: 2025 | E13: =D8 -> 6360640000
D14: 2026 | E14: =E13*(1+$G$7) -> 6933097600
A15: Annual rate of return: | D15: 2027 | E15: =E14*(1+$G$7) -> 7557076384
A16: =IRR(E12:E23, 0.2) -> 0.041662246 | D16: 2028 | E16: =E15*(1+$G$7) -> 8237213259
D17: 2029 | E17: =E16*(1+$G$7) -> 8978562452
D18: 2030 | E18: =E17*(1+$G$7) -> 9786633072
D19: 2031 | E19: =E18*(1+$G$7) -> 10667430049
D20: 2032 | E20: =E19*(1+$G$8) -> 11627498753
D21: 2033 | E21: =E20*(1+$G$8) -> 12673973641
D22: 2034 | E22: =E21*(1+$G$8) -> 13814631269
D23: terminal value: | E23: =(E22*(1+G9))/(H7-G9) -> 113279976405

Sheet Base case (strong)
A1: Base case (strong) | C1: In $
A3: Normalized annual revenue: | D3: 21520000000
A4: Operating margin: | D4: 0.36
A5: Depreciation & amortisation - maintenance capex | D5: 634000000
A6: Non-controlling interests | D6: 0 | F6: Growth rate: | H6: Discount rate:
A7: effective tax rate: | D7: 0.2 | F7: 2025-2031 | G7: 0.12 | H7: 0.15
A8: Normalized annual net income: | D8: =(D3*D4+D5)*(1-D6)*(1-D7) -> 6704960000 | F8: 2032-2034 | G8: 0.12
F9: terminal | G9: 0.03
A10: Total DCF value
A11: {=NPV(H7,E13:E23)} -> 86218153845
D12: Market cap: | E12: =-147830000000*(1-'Final valuation'!H11) -> -147830000000
C13: Expected cashflows: | D13: 2025 | E13: =D8 -> 6704960000
D14: 2026 | E14: =E13*(1+$G$7) -> 7509555200
A15: Annual rate of return: | D15: 2027 | E15: =E14*(1+$G$7) -> 8410701824
A16: =IRR(E12:E23, 0.2) -> 0.074769025 | D16: 2028 | E16: =E15*(1+$G$7) -> 9419986043
D17: 2029 | E17: =E16*(1+$G$7) -> 10550384368
D18: 2030 | E18: =E17*(1+$G$7) -> 11816430492
D19: 2031 | E19: =E18*(1+$G$7) -> 13234402151
D20: 2032 | E20: =E19*(1+$G$8) -> 14822530409
D21: 2033 | E21: =E20*(1+$G$8) -> 16601234059
D22: 2034 | E22: =E21*(1+$G$8) -> 18593382146
D23: terminal value: | E23: =(E22*(1+G9))/(H7-G9) -> 159593196749

Sheet Bull case (weak)
A1: Bull case (weak) | C1: In $
A3: Normalized annual revenue: | D3: 21520000000
A4: Operating margin: | D4: 0.375
A5: Depreciation & amortisation - maintenance capex | D5: 634000000
A6: Non-controlling interests | D6: 0 | F6: Growth rate: | H6: Discount rate:
A7: effective tax rate: | D7: 0.2 | F7: 2025-2031 | G7: 0.14 | H7: 0.15
A8: Normalized annual net income: | D8: =(D3*D4+D5)*(1-D6)*(1-D7) -> 6963200000 | F8: 2032-2034 | G8: 0.14
F9: terminal | G9: 0.035
A10: Total DCF value
A11: {=NPV(H7,E13:E23)} -> 102038855013
D12: Market cap: | E12: =-147830000000*(1-'Final valuation'!H11) -> -147830000000
C13: Expected cashflows: | D13: 2025 | E13: =D8 -> 6963200000
D14: 2026 | E14: =E13*(1+$G$7) -> 7938048000
A15: Annual rate of return: | D15: 2027 | E15: =E14*(1+$G$7) -> 9049374720
A16: =IRR(E12:E23, 0.2) -> 0.09850421 | D16: 2028 | E16: =E15*(1+$G$7) -> 10316287181
D17: 2029 | E17: =E16*(1+$G$7) -> 11760567386
D18: 2030 | E18: =E17*(1+$G$7) -> 13407046820
D19: 2031 | E19: =E18*(1+$G$7) -> 15284033375
D20: 2032 | E20: =E19*(1+$G$8) -> 17423798047
D21: 2033 | E21: =E20*(1+$G$8) -> 19863129774
D22: 2034 | E22: =E21*(1+$G$8) -> 22643967943
D23: terminal value: | E23: =(E22*(1+G9))/(H7-G9) -> 203795711483

Sheet Bull case (strong)
A1: Bull case (strong) | C1: In $
A3: Normalized annual revenue: | D3: 21520000000
A4: Operating margin: | D4: 0.39
A5: Depreciation & amortisation - maintenance capex | D5: 634000000
A6: Non-controlling interests | D6: 0 | F6: Growth rate: | H6: Discount rate:
A7: effective tax rate: | D7: 0.2 | F7: 2025-2031 | G7: 0.17 | H7: 0.15
A8: Normalized annual net income: | D8: =(D3*D4+D5)*(1-D6)*(1-D7) -> 7221440000 | F8: 2032-2034 | G8: 0.17
F9: terminal | G9: 0.04
A10: Total DCF value
A11: {=NPV(H7,E13:E23)} -> 178480189429
D12: Market cap: | E12: =-147830000000*(1-'Final valuation'!H11) -> -147830000000
C13: Expected cashflows: | D13: 2025 | E13: =D8 -> 7221440000
D14: 2026 | E14: =E13*(1+$G$7) -> 8449084800
A15: Annual rate of return: | D15: 2027 | E15: =E14*(1+$G$7) -> 9885429216
A16: =IRR(E12:E23, 0.2) -> 0.17474037 | D16: 2028 | E16: =E15*(1+$G$7) -> 11565952183
D17: 2029 | E17: =E16*(1+$G$7) -> 13532164054
D18: 2030 | E18: =E17*(1+$G$7) -> 15832631943
D19: 2031 | E19: =E18*(1+$G$7) -> 18524179373
D20: 2032 | E20: =E19*(1+$G$8) -> 21673289867
D21: 2033 | E21: =E20*(1+$G$8) -> 25357749144
D22: 2034 | E22: =E21*(1+$G$8) -> 29668566498
D23: terminal value: | E23: =(E22*(1+G9))/(10%-G9) -> 514255152640

Sheet Final valuation
C1: In $
A4: Scenario | B4: DCF value | C4: Annual rate of return (IRR) | D4: Probability
A5: Bear case (weak) | B5: ='Bear case (weak)'!A11 -> 42465652405 | C5: ='Bear case (weak)'!A16 -> -0.02805964 | D5: 0.05
A6: Bear case (strong) | B6: ='Bear case (strong)'!A11 -> 51679598481 | C6: ='Bear case (strong)'!A16 -> 0.00086094704 | D6: 0.1
A7: Base case (weak) | B7: ='Base case (weak)'!A11 -> 68324522002 | C7: ='Base case (weak)'!A16 -> 0.041662246 | D7: 0.15
A8: Base case (strong) | B8: ='Base case (strong)'!A11 -> 86218153845 | C8: ='Base case (strong)'!A16 -> 0.074769025 | D8: 0.3
A9: Bull case (weak) | B9: ='Bull case (weak)'!A11 -> 102038855013 | C9: ='Bull case (weak)'!A16 -> 0.09850421 | D9: 0.2
A10: Bull case (strong) | B10: ='Bull case (strong)'!A11 -> 178480189429 | C10: ='Bull case (strong)'!A16 -> 0.17474037 | D10: 0.2 | H10: Price drop
H11: 0
A12: Expected (Weighted average) DCF value | C12: =B5*D5+B6*D6+B7*D7+B8*D8+B9*D9+B10*D10 -> 99509175810
A13: Expected annual rate of return | C13: =C5*D5+C6*D6+C7*D7+C8*D8+C9*D9+C10*D10 -> 0.082012072
